AoeStats
← 給你舒服

Arena

510312266Analyzed
4v4 RM · 24h ago on Sep 30, 2026· 58m 13s· 8 players
Game mode
Random Map
Map size
Large (8 player)
Population
200
Speed
Normal
Resources
Standard
Victory
Conquest
Starting age
Dark Age
Ending age
Imperial Age
RankedLock teamsTeams togetherTeam positionsShared explorationLock speedFull tech treeHidden civsTurbo modeCheats
Victory
Defeat
🇹🇼 Franks · Taiwan
1020
+13
🇲🇽 Burmese · Mexico
944
+16
🇯🇵 Ethiopians · Japan
938
+16
🇨🇳 Huns · China
919
+17
🇦🇷 Huns · Argentina
1023
-20
🇪🇪 Britons · Estonia
988
-17
🇬🇧 Britons · United Kingdom
894
-13
🇺🇸 Persians · United States
851
-12
rafaguila
7:07 Loom
10:06 Feudal Age
14:27 Castle Age
12:39 Horse Collar
13:55 Wheelbarrow
15:40 Fervor
24:03 Stone Mining
24:04 Gold Mining
25:13 Scale Barding Armor
25:19 Forging
29:12 Imperial Age
27:35 Hand Cart
27:26 Heavy Plow
28:32 Iron Casting
29:13 Husbandry
29:35 Chain Barding Armor
29:31 Bloodlines
29:38 Bloodlines
32:21 Manipur Cavalry
33:35 Plate Barding Armor
33:40 Howdah
34:56 Elite Battle Elephant
38:41 Illumination
38:38 Block Printing
39:46 Blast Furnace
45:06 Gold Shaft Mining
46:44 Capped Ram
57:27 Spies/Treason
給你舒服
9:43 Feudal Age
8:15 Loom
10:19 Double-Bit Axe
17:20 Castle Age
15:26 Loom
16:03 Gold Mining
16:31 Stone Mining
18:13 Bow Saw
19:46 Husbandry
22:31 Fletching
26:47 Bodkin Arrow
30:14 Wheelbarrow
31:29 Ballistics
33:53 Imperial Age
34:20 Cavalier
36:01 Hoardings
36:09 Hoardings
39:24 Fortified Wall
40:33 Masonry
40:05 Elite Throwing Axeman
41:43 Forging
42:28 Hand Cart
42:37 Hand Cart
42:35 Scale Barding Armor
43:06 Iron Casting
42:01 Ordonnance Companies
43:26 Gold Shaft Mining
43:45 Paladin
46:17 Chain Barding Armor
46:58 Blast Furnace
46:03 Scale Mail Armor
47:20 Conscription
49:45 Plate Barding Armor
51:26 Chain Mail Armor
53:53 Plate Mail Armor
55:06 Padded Archer Armor
56:21 Chemistry
55:28 Squires
58:48 Herbal Medicine
顺手牵羊
3:02 Loom
10:00 Feudal Age
10:29 Double-Bit Axe
10:53 Horse Collar
17:42 Castle Age
17:04 Stone Mining
17:05 Gold Mining
19:49 Bow Saw
19:43 Heavy Plow
23:31 Fletching
25:28 Wheelbarrow
25:00 Light Cavalry
26:51 Bloodlines
27:57 Husbandry
28:32 Hand Cart
30:02 Marauders
30:21 Scale Barding Armor
33:34 Bodkin Arrow
33:39 Padded Archer Armor
33:39 Scale Mail Armor
33:50 Forging
36:45 Imperial Age
36:23 Pikeman
37:04 Squires
36:49 Arson
37:52 Chain Barding Armor
37:48 Chain Mail Armor
37:48 Leather Archer Armor
38:12 Iron Casting
38:14 Pikeman
42:00 Imperial Age
43:54 Blast Furnace
43:27 Halberdier
48:40 Halberdier
49:25 Bracer
50:04 Plate Barding Armor
56:38 Conscription
57:05 Hussar
nik
10:46 Feudal Age
12:04 Loom
12:21 Double-Bit Axe
15:17 Castle Age
13:23 Horse Collar
16:16 Bow Saw
16:07 Heavy Plow
19:43 Fervor
29:37 Imperial Age
27:46 Wheelbarrow
26:58 Town Watch
29:34 Gold Mining
29:35 Stone Mining
29:43 Fletching
30:24 Bodkin Arrow
30:32 Scale Mail Armor
30:43 Forging
30:56 Hand Cart
31:51 Chemistry
31:02 Caravan
31:29 Ballistics
31:38 Town Patrol
31:16 Capped Ram
33:32 Torsion Engines
34:14 Heavy Scorpion
35:29 Halberdier
36:10 Squires
36:46 Chain Mail Armor
37:06 Iron Casting
36:32 Bracer
38:03 Plate Mail Armor
38:41 Siege Engineers
39:19 Arson
43:50 Blast Furnace
42:51 Padded Archer Armor
45:03 Fortified Wall
45:43 Gold Shaft Mining
45:43 Stone Shaft Mining
46:11 Two-Man Saw
47:40 Conscription
46:43 Elite Shotel Warrior
56:43 Spies/Treason
Neubs
9:14 Loom
11:00 Feudal Age
18:05 Castle Age
17:15 Double-Bit Axe
17:15 Horse Collar
18:46 Wheelbarrow
18:29 Town Watch
19:06 Gold Mining
19:10 Stone Mining
21:17 Heavy Plow
21:29 Bow Saw
26:14 Husbandry
26:25 Bloodlines
27:32 Scale Barding Armor
28:46 Town Patrol
29:50 Hand Cart
30:41 Chain Barding Armor
30:31 Forging
34:19 Imperial Age
33:57 Cavalier
35:39 Plate Barding Armor
35:39 Iron Casting
36:30 Elite Skirmisher
37:15 Thumb Ring
36:47 Savar
38:26 Fletching
41:51 Conscription
andrewcm20
11:44 Feudal Age
13:21 Double-Bit Axe
16:42 Castle Age
15:50 Horse Collar
16:47 Stone Mining
24:33 Wheelbarrow
24:57 Fletching
24:39 Pikeman
25:53 Heavy Plow
27:24 Bodkin Arrow
27:30 Padded Archer Armor
27:46 Bow Saw
27:30 Gold Mining
29:40 Gold Shaft Mining
29:42 Leather Archer Armor
34:27 Imperial Age
33:24 Yeomen
33:31 Forging
33:22 Scale Mail Armor
35:34 Halberdier
37:30 Conscription
38:29 Iron Casting
38:10 Chain Mail Armor
37:56 Bracer
38:27 Ring Archer Armor
40:31 Blast Furnace
40:56 Chemistry
40:18 Ballistics
51:21 Hand Cart
Myrakaru
0:31 Loom
10:17 Feudal Age
11:03 Horse Collar
11:41 Double-Bit Axe
19:22 Castle Age
18:34 Wheelbarrow
18:23 Fletching
19:57 Gold Mining
20:24 Heavy Plow
20:28 Bodkin Arrow
23:09 Crossbowman
25:08 Ballistics
28:51 Hand Cart
30:02 Padded Archer Armor
34:58 Padded Archer Armor
34:59 Scale Mail Armor
35:05 Squires
34:26 Pikeman
Pietrox75
9:49 Feudal Age
10:43 Double-Bit Axe
14:07 Castle Age
12:37 Double-Bit Axe
12:42 Horse Collar
15:15 Bow Saw
20:53 Heavy Plow
20:56 Gold Mining
22:38 Loom
24:25 Wheelbarrow
23:56 Stone Mining
26:08 Hand Cart
26:38 Forging
26:33 Scale Barding Armor
26:39 Forging
26:45 Scale Barding Armor
27:32 Husbandry
29:04 Bloodlines
29:19 Chain Barding Armor
29:34 Iron Casting
29:19 Chain Barding Armor
30:55 Gold Shaft Mining
34:31 Town Watch
37:28 Imperial Age
39:56 Iron Casting
39:57 Plate Barding Armor
38:44 Cavalier
39:28 Town Patrol
39:27 Capped Ram
40:09 Capped Ram
43:59 Paladin
Connection lost

Rejoining the realm…

Still unreachable

The connection could not be restored.

Session expired

The server has moved on; the page needs a fresh start.